Map: Mech Depot LE

Players

Rengen

  • Race: Protoss Protoss
  • League: Master
  • Spawn Location: 7:00

FarmCakes - Winner!

  • Race: Zerg Zerg
  • League: Master
  • Spawn Location: 1:00

VOD

https://go.twitch.tv/videos/186074637

Description

Time

  • Played on: Oct. 28, 2017, 3:12 p.m.
  • Length: 20:38
Show
View Real Time Build Order
Export as new Build Order

Rengen Protoss 

Build Orders: 1 Gate Expand, Oracle Opening, Zealot Archon 

Get SALT Encoding   

  12  0:01  Probe (Chrono Boost)  
  13  0:12  Probe (Chrono Boost)  
  14  0:20  Pylon  
  14  0:22  Probe (Chrono Boost)  
  15  0:38  Probe (Chrono Boost)  
  15  0:40  Gateway  
  16  0:43  Assimilator  
  16  0:49  Probe (Chrono Boost)  
  17  0:59  Probe (Chrono Boost)  
  18  1:10  Probe (Chrono Boost)  
  19  1:24  Nexus  
  20  1:25  Probe (Chrono Boost)  
  20  1:38  Cybernetics Core  
  20  1:39  Probe (Chrono Boost)  
  21  1:45  Assimilator  
  21  1:49  Probe (Chrono Boost)  
  22  2:00  Probe (Chrono Boost)  
  23  2:03  Pylon  
  23  2:15  Warp Gate  
  23  2:21  Adept (Chrono Boost), Probe (Chrono Boost)  
  26  2:30  Stargate  
  26  2:33  Probe  
  26  2:36  Probe  
  27  2:45  Adept (Chrono Boost), Probe  
  27  2:48  Probe  
  31  2:57  Probe  
  32  2:58  Probe  
  33  3:08  Probe (Chrono Boost)  
  33  3:10  Probe (Chrono Boost)  
  35  3:13  Oracle (Chrono Boost)  
  35  3:18  Probe  
  35  3:19  Gateway  
  38  3:22  Probe  
  38  3:25  Gateway  
  40  3:29  Probe  
  41  3:40  Mothership Core (Chrono Boost)  
  44  3:43  Probe (Chrono Boost)  
  44  3:49  Pylon  
  44  3:57  Nexus  
  44  4:01  Pylon  
  44  4:02  Oracle  
  44  4:05  Probe x2 (Chrono Boost)  
  49  4:13  Pylon  
  49  4:16  Probe (Chrono Boost)  
  51  4:17  Probe (Chrono Boost)  
  51  4:23  Assimilator  
  51  4:25  Assimilator  
  51  4:26  Probe (Chrono Boost)  
  51  4:29  Probe (Chrono Boost)  
  53  4:36  Oracle  
  53  4:37  Probe (Chrono Boost)  
  54  4:43  Probe (Chrono Boost)  
  58  4:47  Probe (Chrono Boost)  
  58  4:48  Pylon  
  59  4:55  Probe (Chrono Boost)  
  59  4:56  Twilight Council  
  59  4:58  Forge, Probe (Chrono Boost)  
  62  5:07  Probe (Chrono Boost)  
  62  5:08  Probe (Chrono Boost)  
  62  5:09  Probe (Chrono Boost)  
  62  5:10  Phoenix  
  62  5:14  Pylon  
  66  5:19  Probe x2 (Chrono Boost)  
  66  5:20  Probe (Chrono Boost)  
  69  5:23  Sentry x2  
  69  5:25  Zealot  
  75  5:29  Protoss Ground Weapons Level 1  
  75  5:30  Robotics Facility  
  75  5:31  Probe (Chrono Boost)  
  75  5:32  Probe x2 (Chrono Boost)  
  78  5:39  Pylon  
  80  5:43  Probe x2 (Chrono Boost)  
  80  5:46  Probe (Chrono Boost)  
  80  5:49  Assimilator  
  81  5:52  Assimilator, Templar Archives  
  81  5:55  Probe (Chrono Boost)  
  82  5:58  Probe (Chrono Boost)  
  82  5:59  Probe (Chrono Boost)  
  82  6:04  Gateway  
  84  6:06  Gateway  
  84  6:07  Probe (Chrono Boost)  
  84  6:10  Charge, Probe x2 (Chrono Boost)  
  87  6:18  Probe (Chrono Boost)  
  88  6:20  Probe (Chrono Boost), Warp Prism (Chrono Boost)  
  88  6:24  Probe  
  92  6:29  Pylon  
  92  6:30  Psionic Storm, Probe  
  92  6:32  Probe  
  94  6:36  Pylon, Probe  
  95  6:42  Pylon, Probe  
  96  6:58  Immortal (Chrono Boost)  
  96  7:00  Nexus  
  96  7:01  Pylon  
  100  7:07  Gateway x2  
  100  7:10  High Templar x4, Gateway  
  108  7:16  Archon  
  108  7:17  High Templar, Archon  
  107  7:32  Immortal (Chrono Boost)  
  107  7:34  Protoss Ground Weapons Level 2  
  111  7:37  Assimilator  
  111  7:41  Assimilator  
  111  7:45  Pylon  
  111  7:48  Pylon x2  
  111  7:49  Zealot x3  
  111  7:50  Zealot x2, Gateway  
  121  7:53  Gateway  
  121  7:55  Gateway  
  115  8:10  Pylon  
  111  8:12  Gateway  
  111  8:15  Pylon, Gateway  
  111  8:16  High Templar x2  
  111  8:18  High Templar  
  117  8:25  High Templar x2  
  125  8:27  Immortal (Chrono Boost)  
  125  8:30  Archon  
  125  8:34  Gateway  
  125  8:36  Gateway  
  125  8:47  High Templar x2  
  129  8:52  Archon  
  129  8:53  High Templar x2  
  129  8:54  Zealot x2  
  137  8:58  Archon  
  137  8:59  Zealot x2  
  138  9:20  High Templar x2  
  142  9:37  Zealot x7  
  142  9:38  Zealot  
  152  9:44  Archon  
  132  9:57  Zealot  
  132  9:58  Zealot x6  
  142  10:01  Zealot x3  
  142  10:03  Probe  
  142  10:04  Probe x3  
  146  10:08  Immortal (Chrono Boost)  
  146  10:14  Probe  
  144  10:16  Protoss Ground Weapons Level 3, Probe x3  
  138  10:23  High Templar x5  
  138  10:24  High Templar x3  
  138  10:25  Probe  
  147  10:28  Probe x2  
  147  10:29  Archon x2  
  147  10:30  Archon x2  
  147  10:33  Photon Cannon  
  149  10:36  Photon Cannon  
  153  10:43  Immortal (Chrono Boost)  
  153  10:50  Probe  
  153  10:51  Probe x3  
  149  10:59  Gateway  
  149  11:00  Gateway  
  149  11:02  Zealot x4  
  149  11:03  Zealot x6  
  169  11:18  High Templar x4  
  165  11:19  Observer (Chrono Boost)  
  165  11:24  Archon x2  
  158  11:46  Zealot x8  
  178  11:55  Immortal (Chrono Boost)  
  168  12:19  High Templar x4  
  168  12:20  High Templar x2  
  180  12:28  Archon x2  
  180  12:29  Archon  
  180  12:42  Zealot x8  
  192  12:46  Immortal (Chrono Boost)  
  177  13:01  High Templar  
  177  13:02  High Templar x2  
  177  13:05  High Templar x2  
  187  13:06  Protoss Shields Level 1  
  187  13:11  Archon  
  187  13:13  Nexus  
  187  13:14  Pylon  
  187  13:15  High Templar x2  
  187  13:17  Zealot x2  
  195  13:21  Pylon, Archon  
  191  13:27  Zealot  
  193  13:37  Photon Cannon x2  
  193  13:39  Photon Cannon x2  
  193  13:41  Pylon, Zealot  
  191  13:43  Sentry  
  191  13:44  Zealot  
  188  13:49  Zealot x2  
  176  14:06  Zealot x6  
  176  14:07  Zealot x5  
  190  14:20  Zealot  
  190  14:21  Zealot x3  
  190  14:23  High Templar  
  200  14:29  Nexus  
  182  14:32  Pylon  
  182  14:35  Probe  
  182  14:37  Probe x3  
  159  14:46  Probe  
  159  14:47  Warp Prism (Chrono Boost)  
  159  14:49  Probe x2  
  159  14:51  High Templar x5  
  159  14:52  High Templar x2  
  176  14:57  Photon Cannon x2, Probe  
  176  14:58  Probe  
  176  14:59  High Templar  
  180  15:00  Pylon  
  180  15:01  Archon x3, Probe x2  
  180  15:02  Stalker  
  180  15:04  Protoss Shields Level 2  
  184  15:10  Archon  
  184  15:19  Zealot x7  
  180  15:52  Stargate, Fleet Beacon  
  180  15:54  Stargate  
  172  16:03  Zealot x9  
  172  16:04  Zealot x2  
  152  16:37  Tempest x2 (Chrono Boost)  
  167  16:44  Oracle (Chrono Boost)  
  160  17:15  Nexus  
  160  17:17  Pylon  
  160  17:19  Zealot x2  
  176  17:22  Tempest (Chrono Boost)  
  176  17:28  Tempest (Chrono Boost)  
  172  17:39  Tempest (Chrono Boost)  
  178  18:02  Zealot x6  
  139  18:28  Zealot x5  
  94  18:49  Zealot  
  84  18:57  High Templar x2  
  76  19:14  High Templar x2  
  70  19:29  Archon  
  54  19:50  High Templar x2  
  57  19:55  Archon  
Show
View Real Time Build Order
Export as new Build Order

FarmCakes Zerg - Winner!

Build Orders: Hatch First 

Get SALT Encoding   

  12  0:00  Drone  
  13  0:07  Drone  
  14  0:17  Overlord  
  14  0:21  Extractor  
  14  0:23  Drone  
  15  0:35  Drone x2  
  17  0:52  Hatchery  
  17  0:55  Drone  
  17  0:59  Drone  
  18  1:09  Extractor  
  17  1:13  Spawning Pool  
  17  1:16  Drone  
  17  1:20  Drone  
  18  1:29  Drone  
  19  1:43  Overlord  
  19  2:00  Zergling x2, Queen  
  22  2:03  Zergling x2  
  22  2:04  Queen  
  22  2:05  Drone  
  26  2:10  Drone  
  26  2:15  Metabolic Boost  
  27  2:21  Drone  
  28  2:23  Drone  
  28  2:27  Drone  
  30  2:35  Drone  
  31  2:45  Hatchery  
  31  2:47  Drone  
  31  2:49  Drone  
  32  2:53  Drone x2  
  34  2:58  Overlord  
  34  3:03  Pneumatized Carapace  
  34  3:07  Drone  
  34  3:11  Drone  
  36  3:16  Queen  
  36  3:18  Zergling x2  
  36  3:19  Drone  
  40  3:21  Drone  
  40  3:26  Drone  
  42  3:27  Evolution Chamber  
  42  3:30  Drone  
  42  3:33  Drone x2  
  44  3:39  Overlord  
  44  3:56  Zerg Melee Weapons Level 1  
  44  3:59  Spore Crawler  
  44  4:00  Spore Crawler  
  42  4:08  Drone x5  
  42  4:09  Drone x3  
  49  4:18  Overlord  
  49  4:20  Drone x2  
  49  4:23  Queen  
  53  4:24  Spore Crawler  
  53  4:27  Drone x6  
  53  4:28  Extractor  
  57  4:33  Drone  
  57  4:36  Lair  
  57  4:38  Drone  
  59  4:39  Drone  
  59  4:44  Drone x3  
  63  4:46  Drone  
  63  4:47  Drone  
  65  4:57  Baneling Nest  
  64  5:00  Drone x2  
  64  5:05  Drone x2  
  66  5:10  Extractor  
  66  5:12  Overlord x2  
  65  5:19  Spore Crawler  
  65  5:20  Hatchery  
  65  5:21  Queen  
  63  5:23  Spore Crawler  
  63  5:24  Spore Crawler  
  62  5:29  Overlord  
  62  5:30  Overlord  
  62  5:31  Drone x3  
  62  5:35  Hydralisk Den  
  64  5:38  Drone x3  
  67  5:43  Drone  
  67  5:44  Drone x4  
  67  5:48  Drone x2  
  74  5:52  Zerg Melee Weapons Level 2  
  74  5:56  Zergling x4, Queen  
  76  6:01  Extractor, Queen  
  76  6:02  Extractor, Drone  
  76  6:04  Muscular Augments  
  79  6:06  Extractor  
  79  6:07  Hydralisk  
  80  6:12  Hydralisk  
  80  6:17  Overseer  
  82  6:22  Drone x6  
  82  6:23  Drone  
  89  6:37  Centrifical Hooks  
  89  6:41  Hatchery  
  89  6:45  Hydralisk x3  
  93  6:47  Drone x3  
  93  6:51  Overlord x3  
  96  6:58  Overlord x3  
  96  7:10  Drone x2  
  96  7:11  Drone x3  
  96  7:12  Drone x8  
  96  7:14  Hydralisk x4  
  117  7:20  Hydralisk x2  
  121  7:25  Drone x2  
  121  7:26  Extractor, Drone  
  123  7:30  Hydralisk  
  123  7:35  Hydralisk x5  
  135  7:43  Overlord x2  
  135  7:55  Hatchery  
  134  7:58  Hydralisk x4  
  139  8:08  Zergling x10  
  139  8:09  Zergling x20  
  152  8:19  Hydralisk x2  
  152  8:24  Overlord x4  
  156  8:27  Zerg Ground Armor Level 1  
  156  8:31  Evolution Chamber  
  155  8:37  Baneling x10  
  155  8:38  Baneling x23  
  155  8:39  Overlord x4  
  155  8:43  Hydralisk x2  
  159  8:49  Drone x5  
  159  8:50  Zergling x2  
  159  8:51  Zergling x2  
  166  8:56  Zergling x10  
  166  8:57  Zergling x2  
  172  9:03  Zergling x10  
  172  9:04  Zergling x4  
  172  9:07  Overseer  
  172  9:08  Infestation Pit  
  178  9:10  Zergling x6  
  178  9:16  Zergling x12  
  187  9:19  Baneling x3  
  187  9:20  Baneling x4  
  187  9:25  Zergling x10  
  184  9:39  Zergling x2  
  184  9:40  Zergling x22  
  168  9:54  Hydralisk  
  168  9:55  Hydralisk x11  
  167  10:04  Hive  
  167  10:06  Hydralisk x5  
  164  10:12  Zergling x12  
  159  10:22  Hydralisk x4  
  159  10:23  Hydralisk x2  
  171  10:31  Baneling x3  
  171  10:32  Spire, Baneling x3  
  170  10:38  Hydralisk x3  
  176  10:43  Zergling x10  
  176  10:47  Zergling x8  
  182  10:54  Zergling x4  
  182  10:55  Zergling x8  
  182  10:56  Overseer  
  185  10:59  Queen x2  
  185  11:00  Hydralisk  
  185  11:01  Hydralisk x4  
  199  11:14  Hydralisk x2  
  196  11:24  Zergling x8  
  200  11:34  Baneling  
  200  11:38  Baneling x8  
  200  11:39  Baneling x9  
  198  11:43  Zergling x2  
  198  11:46  Greater Spire  
  199  11:53  Zergling x4  
  192  12:01  Zergling x2  
  192  12:02  Zergling x24  
  192  12:07  Zergling x18  
  193  12:10  Baneling x9  
  193  12:15  Zergling x8  
  197  12:18  Zergling x6  
  200  12:27  Baneling x7  
  200  12:28  Baneling x17  
  200  12:49  Extractor  
  197  12:55  Corruptor  
  197  12:56  Corruptor x3  
  198  13:02  Zerg Flyer Weapons Level 1  
  198  13:11  Spine Crawler x2  
  198  13:12  Drone x4, Spore Crawler  
  199  13:13  Spine Crawler  
  191  13:43  Brood Lord  
  187  13:48  Corruptor x2  
  188  13:57  Brood Lord  
  188  13:58  Brood Lord x2  
  184  14:07  Corruptor x3  
  186  14:22  Zergling x2  
  186  14:23  Zergling x18  
  192  14:24  Brood Lord  
  192  14:25  Brood Lord  
  186  14:39  Brood Lord  
  186  14:40  Brood Lord x2  
  192  14:53  Extractor x2  
  192  14:54  Baneling  
  192  14:55  Baneling x17  
  192  14:56  Baneling  
  190  15:04  Hatchery  
  189  15:12  Corruptor x3  
  195  15:19  Spine Crawler  
  195  15:20  Spine Crawler  
  195  15:21  Spine Crawler x2  
  191  15:26  Spine Crawler x3  
  179  15:51  Brood Lord x3  
  179  15:55  Zergling x2  
  183  15:58  Zergling x30  
  183  15:59  Zergling x4  
  183  16:04  Zergling x2  
  196  16:29  Corruptor x3  
  199  16:38  Spine Crawler, Overseer  
  199  16:39  Spine Crawler, Extractor  
  193  16:40  Spine Crawler, Extractor  
  193  16:42  Spore Crawler  
  193  16:44  Baneling  
  193  16:45  Baneling x19  
  187  16:56  Corruptor x3  
  187  16:58  Zergling x6  
  187  16:59  Zergling x6  
  199  17:25  Hatchery  
  199  17:27  Brood Lord x3  
  199  17:28  Brood Lord  
  199  17:29  Adrenal Glands  
  199  17:49  Hatchery  
  198  17:52  Zergling x2  
  199  18:02  Corruptor x2  
  169  18:22  Hydralisk  
  169  18:23  Hydralisk x17  
  182  18:34  Spine Crawler  
  182  18:35  Spine Crawler  
  182  18:36  Corruptor  
  182  18:37  Spine Crawler  
  173  18:46  Zergling x10  
  173  18:47  Zergling x2  
  173  18:51  Zergling x4  
  165  19:04  Zergling x6  
  165  19:05  Zergling x4  
  170  19:15  Hydralisk x3  
  166  19:27  Hydralisk x3  
  170  19:31  Zergling x6  
  170  19:32  Zergling x2  
  170  19:43  Drone x3  
  170  19:44  Drone x2  
  175  19:51  Drone x3  
  176  19:58  Baneling x11  
  176  19:59  Baneling  
  176  20:02  Drone x2  
  179  20:07  Drone  
  179  20:12  Baneling x8  
  179  20:13  Baneling x4  
  179  20:14  Baneling  
  179  20:17  Baneling x4  
  176  20:23  Spore Crawler  
  176  20:24  Spore Crawler  
Tags
 
Add a new tag
Caveats
  • Supply blocks, unpowered buildings, or Contaminate may cause inaccurate times.
  • Supply counts are checked every 10 seconds.